 Dungeon Crawl Stone Soup version 0.21.0-30-g47ce8e4cbb (webtiles) character file.

64 Optimism the Ruffian (level 3, -4/54 HPs)
             Began as a Troll Berserker on Jan 29, 2018.
             Was a Believer of Trog.
             Killed by Freeze
             ... invoked by topfpfpflanze's ghost
              (14 damage)
             ... on level 3 of the Dungeon.
             The game lasted 00:03:02 (1507 turns).

Optimism the Ruffian (Troll Berserker)              Turns: 1507, Time: 00:03:05

Health: -4/54      AC:  5    Str: 31    XL:     3   Next: 91%
Magic:  2/2        EV: 10    Int:  3    God:    Trog [**....]
Gold:   89         SH:  0    Dex:  9    Spells: 2/2 levels left

rFire    . . .     SeeInvis .     - Unarmed
rCold    . . .     Gourm    +   (no shield)
rNeg     . . .     Faith    .   a - +0 animal skin
rPois    .         Spirit   .   (helmet restricted)
rElec    .         Reflect  .   (no cloak)
rCorr    .         Harm     .   (gloves unavailable)
MR       .....                  (boots unavailable)
Stlth    ..........             (no amulet)
HPRegen  0.58/turn              (no ring)
MPRegen  0.08/turn              (no ring)

@: berserking, lethally poisoned (-4 -> -12), very quick
A: large, unfitting armour, claws 3, fast metabolism 3, gourmand, regeneration
1, shaggy fur 1, tough skin 2
a: Berserk, Trog's Hand, Burn Spellbooks, Renounce Religion


You were on level 3 of the Dungeon.
You worshipped Trog.
Trog was pleased with you.
You were very full.

You visited 1 branch of the dungeon, and saw 3 of its levels.

You collected 89 gold pieces.

Inventory:

Armour
 a - a +0 animal skin (worn)
Jewellery
 j - a cursed -5 ring of slaying {unknown}
 n - an uncursed ring of protection from magic {unknown}
Scrolls
 c - 2 scrolls of amnesia {unknown}
 e - 3 scrolls of identify {unknown}
 g - 2 scrolls of remove curse {unknown}
 k - a scroll of blinking {unknown}
 l - a scroll of fear {unknown}
 m - a scroll of enchant armour {unknown}
 q - a scroll of immolation {unknown}
 r - a scroll of noise {unknown}
Potions
 d - 4 potions of lignification {unknown}
 f - a potion of invisibility {unknown}
 h - a potion of agility {unknown}
 i - a potion of curing {unknown}
 o - a potion of degeneration {unknown}
Comestibles
 b - 5 rations
 p - 2 chunks of flesh


   Skills:
 + Level 2.9 Fighting
 + Level 3.2 Dodging
 + Level 3.6 Unarmed Combat


You had 2 spell levels left.
You didn't know any spells.

Dungeon Overview and Level Annotations

Branches:
Dungeon (3/15)

Altars:

Annotations:
D:3 topfpfpflanze's ghost, amateur DsIE


Innate Abilities, Weirdness & Mutations

You are too large for most types of armour.
You have claws for hands.
Your metabolism is lightning-fast.
You like to eat raw meat.
Your natural rate of healing is unusually fast.
You are covered in fur. (AC +1)
You have very tough skin. (AC +2)


Message History

A red film seems to cover your vision as you go berserk!
You feel yourself moving faster!
You feel mighty!
You feel sick. Topfpfpflanze's ghost hits you.
* * * LOW HITPOINT WARNING * * *
You are more poisoned.
You scratch topfpfpflanze's ghost.
Topfpfpflanze's ghost is heavily damaged.
Topfpfpflanze's ghost hits you.
* * * LOW HITPOINT WARNING * * *
You are more poisoned.
You barely miss topfpfpflanze's ghost.
Topfpfpflanze's ghost is heavily damaged.
You feel sick.
You claw topfpfpflanze's ghost!
Topfpfpflanze's ghost is severely damaged.
* * * LOW HITPOINT WARNING * * *
You feel sick.
Topfpfpflanze's ghost casts a spell at you.
You are frozen.
You die...

###P$$$P.# # ...PP
PP.# .# ###.# ..####<#
#.# #.#....#
###>####....###.#
...>............#
###..###.[..#### #
#..# #.#.#######.###..
#..# #........@W......
#..#....#####.##......
#..#.##.# #... .....
#..#. #.# #.##.#....
#..# #.# #.# # ...
#..# #. #.# %# #..# #.
... . #### ###


You could see topfpfpflanze's ghost.

Vanquished Creatures
  An adder (D:2)
  2 worms
  A dart slug (D:1)
  2 leopard geckos
  3 orcs (D:3)
  6 bats
  2 giant cockroaches
  10 goblins
  2 hobgoblins
  A quokka (D:2)
  3 frilled lizards (D:1)
  4 kobolds
  2 rats
39 creatures vanquished.

Vanquished Creatures (others)
  A bat (D:1)
1 creature vanquished.

Grand Total: 40 creatures vanquished

Notes
Turn   | Place    | Note
-------+----------+-------------------------------------------
     0 | D:1      | Optimism the Troll Berserker began the quest for the Orb.
     0 | D:1      | Reached XP level 1. HP: 22/22 MP: 0/0
   225 | D:1      | Reached XP level 2. HP: 29/29 MP: 1/1
   580 | D:1      | Reached ** piety under Trog
   776 | D:2      | Reached XP level 3. HP: 36/36 MP: 2/2
  1470 | D:3      | Noticed topfpfpflanze's ghost (amateur DsIE)
  1507 | D:3      | Killed from afar by topfpfpflanze's ghost

Skill      XL: |  1  2  3 |
---------------+----------+-----
Dodging        | 3 |  3.2
Fighting       | |  2.9
Unarmed Combat | |  3.6

Action                   || total
-------------------------++-------
Melee: Unarmed           ||   115
Invok: Berserk           ||     1
  Eat: Chunk             ||    19
Armor: Animal skin       ||    58
Dodge: Dodged            ||    59
